 Dungeon Crawl Stone Soup version 0.17-a0-1583-g2df49ec (webtiles) character file.

130 HEYYEYAAE the Skirmisher (level 4, 0/40 HPs)
             Began as a Draconian Berserker on July 28, 2015.
             Was a Priest of Trog.
             Slain by an orc
             ... wielding a +0 mace
              (8 damage)
             ... on level 3 of the Dungeon.
             The game lasted 00:03:31 (2543 turns).

HEYYEYAAE the Skirmisher (Draconian Berserker)      Turns: 2543, Time: 00:03:31

Health: 0/40       AC:  6    Str: 21    XL:     4   Next: 90%
Magic:  4/4        EV: 13    Int:  7    God:    Trog [***...]
Gold:   150        SH:  0    Dex: 10    Spells: 0 memorised, 3 levels left

rFire  . . .     SeeInvis .     a - +0 falchion
rCold  . . .     Clarity  .     (armour unavailable)
rNeg   . . .     SustAt   .     (no shield)
rPois  .         Gourm    .     (helmet restricted)
rElec  .         Spirit   .     (no cloak)
rCorr  .         Warding  .     (no gloves)
rMut   .         Stasis   .     g - +0 pair of boots
MR     ++...                    (no amulet)
Stlth  +.........               (no ring)
                                (no ring)

@: regenerating, very resistant to hostile enchantments, very unstealthy
A: unfitting armour, cold-blooded, AC +5
a: Burn Spellbooks, Berserk, Trog's Hand, Renounce Religion


You were on level 3 of the Dungeon.
You worshipped Trog.
Trog was most pleased with you.
You were not hungry.

You visited 1 branch of the dungeon, and saw 3 of its levels.

You collected 150 gold pieces.

Inventory:

Hand weapons
 a - a +0 falchion (weapon)
Armour
 g - a +0 pair of boots (worn)
Magical devices
 i - a wand of draining (7)
Scrolls
 c - 2 scrolls of remove curse {unknown}
 e - 2 scrolls of identify {unknown}
Potions
 k - a potion of berserk rage {unknown}
 l - a potion of magic {unknown}
Comestibles
 b - 2 bread rations
 d - 3 meat rations


   Skills:
 * Level 4.2 Fighting
 * Level 4.2 Long Blades
 * Level 3.6 Dodging


You had 3 spell levels left.
You didn't know any spells.

Dungeon Overview and Level Annotations

Branches:
Dungeon (3/15)

Altars:
Trog


Innate Abilities, Weirdness & Mutations

Your plain brown scales are hard (AC +5).
Your body does not fit into most forms of armour.
You are cold-blooded and may be slowed by cold attacks.


Message History

You barely miss the orc wizard.
The orc wizard is almost dead.
The orc wizard points at you and mumbles some strange words.
The puff of frost hits you!
* * * LOW HITPOINT WARNING * * *
The orc misses you. The orc hits you but does no damage.
The orc wizard points at you and mumbles some strange words.
The puff of frost hits you!
Use which ability? (? or * to list)
Your skin crawls.
You feel resistant to hostile enchantments.
You feel slightly more hungry.
The orc wizard hits you but does no damage.
The orc hits you with a mace.
* * * LOW HITPOINT WARNING * * *
The orc hits you with a mace.
* * * LOW HITPOINT WARNING * * *
The orc wizard hits you but does no damage.
The orc hits you with a mace!
You die...

#.[...# #..##..... #.....#
#..##..... #.....#
#..##..... #.....#
#......... #.....#
#..##.###.
##.....######.##.###.
.####)o...†.........>....
.......oo...........#.#.#.
#########@............#.#.
#.#############.#. #.#
#.## #.# #... #.# #### #.#
#.# #.#


You could see an orc wizard and 2 orcs.

Vanquished Creatures
  An orc priest (D:3)
  An adder (D:2)
  3 worms
  2 giant geckos (D:1)
  10 orcs (D:3)
  3 bats
  7 goblins (D:1)
  9 hobgoblins
  10 jackals (D:2)
  7 kobolds
  A ball python (D:2)
  3 giant cockroaches (D:3)
  4 giant newts
  10 rats
71 creatures vanquished.

Notes
Turn   | Place    | Note
--------------------------------------------------------------
     0 | D:1      | HEYYEYAAE the Draconian Berserker began the quest for the Orb.
     0 | D:1      | Reached XP level 1. HP: 19/19 MP: 1/1
   501 | D:1      | Reached XP level 2. HP: 21/26 MP: 2/2
   728 | D:1      | Acquired Trog's second power
   984 | D:2      | Reached XP level 3. HP: 25/33 MP: 3/3
  1923 | D:3      | Reached XP level 4. HP: 40/40 MP: 4/4
  1989 | D:3      | Reached skill level 4 in Long Blades
  2160 | D:3      | HP: 1/40 [orc priest/divine providence (13)]
  2432 | D:3      | Found a bloodstained altar of Trog.
  2543 | D:3      | Slain by an orc

Vault maps used:
D:1:      ncdulo_watergridlock
D:3:      lemuel_crystal_altar

Action                   |  1- 3 |  4- 6 || total
-------------------------+-------+-------++-------
Melee: Falchion          |   158 |    83 ||   241
Invok: Berserk           |     1 |     1 ||     2
       Trog's Hand       |       |     4 ||     4
  Use: Potion            |       |     4 ||     4
 Stab: Distracted        |       |     1 ||     1
  Eat: Chunk             |     4 |     1 ||     5
       Bread ration      |       |     1 ||     1
